 Dungeon Crawl Stone Soup version 0.31-a0-344-gd109795599 (webtiles) character file.

Game seed: 738743837967719408

129 serozhah1 the Ducker (level 4, -2/23 HPs)
             Began as a Spriggan Warper on July 22, 2023.
             Slain by a gnoll
             ... wielding a +0 spear
             ... led by a gnoll bouda
              (9 damage)
             ... on level 4 of the Dungeon.
             The game lasted 00:14:42 (3602 turns).

serozhah1 the Ducker (Spriggan Warper)              Turns: 3602, Time: 00:14:42

Health: -2/23      AC:  3    Str:  7    XL:     4   Next: 88%
Magic:  7/9        EV: 19    Int: 14    God:
Gold:   149        SH:  0    Dex: 16    Spells: 6/8 levels left

rFire   . . .        a - +2 short sword (chaos)
rCold   . . .        (no shield)
rNeg    . . .        b - +1 robe
rPois   .            (helmet restricted)
rElec   .            (no cloak)
rCorr   .            (gloves unavailable)
SInv    +            (boots unavailable)
Will    .....        (no amulet)
Stlth   ++           e - ring of flight
HPRegen 0.23/turn    (no ring)
MPRegen 0.11/turn

%: no passive effects
@: on blink cooldown, flying, very quick
A: very small, no large weapons, unfitting armour, see invisible, speed 3
a: no special abilities


You were on level 4 of the Dungeon.
You visited 1 branch of the dungeon, and saw 4 of its levels.

You collected 149 gold pieces.

Inventory:

Hand Weapons
 a - a +2 short sword of chaos (weapon)
Missiles
 d - 7 boomerangs of dispersal (quivered)
Armour
 b - a +1 robe (worn)
Jewellery
 e - a ring of flight (left hand)
Scrolls
 c - a scroll of blinking
 h - a scroll of fear
Potions
 f - 5 potions of haste
 g - a potion of invisibility {unknown}
 j - 2 potions of curing {unknown}
 m - a potion of berserk rage {unknown}
 n - a potion of lignification {unknown}
 p - a potion of heal wounds {unknown}


   Skills:
 + Level 1.9 Fighting
 + Level 3.6 Short Blades
 + Level 1.0 Throwing
 + Level 5.0 Dodging
 + Level 1.7 Stealth
 + Level 2.8 Spellcasting
 + Level 4.9 Translocations


You had 6 spell levels left.
You knew the following spells:

 Your Spells              Type           Power      Damage    Failure   Level
a - Blink                 Tloc           30%        N/A       4%          2

Your spell library contained the following spells:

 Spells                   Type           Power      Damage    Failure   Level
 Lesser Beckoning         Tloc           30%        N/A       4%          2
 Teleport Other           Tloc           15%        N/A       9%          3
 Portal Projectile        Hex/Tloc       16%        N/A       24%         3
 Vhi's Electric Charge    Tloc/Air       16%        N/A       24%         3
 Manifold Assault         Tloc           15%        N/A       28%         4
 Tukima's Dance           Hex            1%         N/A       54%         3
 Iskenderun's Mystic Bla  Conj/Tloc      8%         2d4       63%         4


Dungeon Overview and Level Annotations

Branches:
Dungeon (4/15)
 Temple: D:4-7

Altars:
Elyvilon


Innate Abilities, Weirdness & Mutations

You are very small and have problems with some larger weapons.
You are too small for most types of armour.
You have supernaturally acute eyesight. (SInv)
You cover ground extremely quickly. (Speed+++)


Message History

As you read the scroll of blinking, it crumbles to dust.
The gnoll hits you from afar with a +0 spear.
The gnoll completely misses you.
The gnoll hits you from afar with a +0 spear.
The gnoll closely misses you.
The gnoll is no longer moving quickly. x2; The gnoll completely misses you.
You hit the gnoll but do no damage. The gnoll misses you.
The gnoll barely misses you.
You hit the gnoll. You burn the gnoll.
The gnoll is moderately wounded.
The gnoll misses you.
The gnoll bouda barks out a call to the hunt!
The gnolls pick up the pace!
The gnoll shouts!
You hit the gnoll. You burn the gnoll.
The gnoll is heavily wounded.
The gnoll closely misses you. The gnoll misses you.
You hit the gnoll. You burn the gnoll.
The gnoll is severely wounded.
The gnoll hits you but does no damage. The gnoll barely misses you.
You barely miss the gnoll.
The gnoll is severely wounded.
The gnoll barely misses you. x2
You closely miss the gnoll.
The gnoll is severely wounded.
The gnoll hits the bush with a +0 flail.
The gnoll bouda calls upon its god to heal the gnoll.
The gnoll is healed somewhat.
The gnoll barely misses you.
Casting: Blink (safe; 4% risk of failure)
Confirm with . or Enter, or press ? or * to list all spells.
You blink.
A gnoll comes into view. It is wielding a +0 spear.
The gnoll hits the bush but does no damage.
The gnoll hits you from afar with a +0 spear!
The gnoll misses you.
The gnoll hits the bush but does no damage.
The gnoll bouda calls upon its god to heal the gnoll.
The gnoll's wounds heal themselves!
The gnoll hits you from afar with a +0 spear!
You die...

########## #........#
#........# ####+##
####...#...# .......
#.....###### .......
#.....# ....... ♣♣♣♣♣.#
.......#######♣gP.♣.######
#.....>(.@.g..gg..§...#..#
#.............♣P♣♣♣......#
#..........g..♣♣♣♣♣......#
#..............#.........#
#..............#.........#
#..............###########
...###########............


.gg #............ #............ You could see a gnoll bouda and 4 gnolls.

Vanquished Creatures
  A hound (D:4)
  Jessica (D:2)
  2 adders (D:2)
  4 dart slugs
  4 ball pythons
  6 bats
  3 endoplasms
  3 giant cockroaches
  4 goblins
  3 hobgoblins
  3 jackals (D:1)
  4 kobolds
  A quokka (D:1)
  5 frilled lizards
  3 rats
47 creatures vanquished.

Notes
Turn   | Place    | Note
-------+----------+-------------------------------------------
     0 | D:1      | serozhah1 the Spriggan Warper began the quest for the Orb.
     0 | D:1      | Reached XP level 1. HP: 10/10 MP: 5/5
   348 | D:1      | Reached XP level 2. HP: 14/14 MP: 6/6
   424 | D:1      | Reached skill level 4 in Dodging
   818 | D:1      | Reached XP level 3. HP: 18/18 MP: 8/8
  1393 | D:2      | Learned a level 2 spell: Blink
  1735 | D:2      | Noticed Jessica
  1780 | D:2      | Killed Jessica
  1781 | D:2      | Reached XP level 4. HP: 10/23 MP: 6/9
  2072 | D:3      | Identified a scroll of acquirement
  2072 | D:3      | Acquired a ring of flight
  2193 | D:3      | Found a white marble altar of Elyvilon.
  2296 | D:3      | Reached skill level 1 in Stealth
  2385 | D:3      | Identified the +8 quarterstaff "Leviticus" {vamp, rPois
                  | rF++}
  3511 | D:4      | Reached skill level 5 in Dodging
  3602 | D:4      | Slain by a gnoll

Illustrated notes

Levels and vault maps discovered:
D:1:      saegor_arrival_under_anarchy, layout_basic, palyth_stone_intersect
D:2:      layout_basic, uniq_jessica
D:3:      layout_basic, elyvilon_altar_5
D:4:      layout_gridville, nemelex_diamond_rough_becter, portal_sewer_entry_e,
          serial_forest, infiniplex_forest_clump_double,
          infiniplex_forest_straight_4, infiniplex_forest_clump_curved,
          infiniplex_forest_clump_long, infiniplex_forest_clump_long,
          cheibrodos_gnoll_hut

Skill      XL: |  1  2  3  4 |
---------------+-------------+-----
Dodging        | 4 5 |  5.0
Short Blades   | 3 |  3.6
Stealth        | 1 |  1.7
Fighting       | |  1.9
Throwing       | |  1.0
Spellcasting   | |  2.8
Translocations | |  4.9

Action                     |  1- 3 |  4- 6 || total
---------------------------+-------+-------++-------
  Melee: Short sword       |   160 |    56 ||   216
         Punch             |     1 |       ||     1
   Cast: Blink             |     1 |     2 ||     3
    Use: Scroll            |       |    11 ||    11
   Stab: Sleeping          |     1 |     3 ||     4
 Armour: Robe              |    15 |     7 ||    22
  Dodge: Dodged            |   130 |    52 ||   182

Table legend: (Time is in decaauts)
 A = Elapsed time spent in this place.
 B = Non-inter-level travel time spent in this place.
 C = Inter-level travel time spent in this place.
 D = Time resting spent in this place.
 E = Time spent auto-exploring this place.
 F = Levels seen in this place.
 G = Mean time per level.
                   A        B        C        D        E       F      G
               +--------+--------+--------+--------+--------+-----+--------+
         Total |   2379 |   2068 |    311 |      0 |   1487 |   4 |  594.8 |
       Dungeon |   2379 |   2068 |    311 |      0 |   1487 |   4 |  594.8 |
               +--------+--------+--------+--------+--------+-----+--------+

Top non-repeatable levels by time:
     D:3: 910 daAuts
     D:1: 702 daAuts
     D:2: 690 daAuts
     D:4: 76 daAuts
